 Dungeon Crawl Stone Soup version 0.27-a0-597-g524d869a0f (webtiles) character file.

Game seed: 12136568067343136142

823 funkygono the Shield-Bearer (level 7, -5/60 HPs)
             Began as a Gnoll Fighter on Mar 10, 2021.
             Was a Follower of Okawaru.
             Killed by divine providence
             ... invoked by an orc priest
              (14 damage)
             ... on level 5 of the Dungeon on Mar 11, 2021.
             The game lasted 00:07:36 (4650 turns).

funkygono the Shield-Bearer (Gnoll Fighter)         Turns: 4650, Time: 00:07:37

Health: -5/60      AC: 11    Str: 18    XL:     7   Next: 96%
Magic:  11/11      EV: 10    Int:  7    God:    Okawaru [*.....]
Gold:   192        SH: 11    Dex: 17    Spells: 11/11 levels left

rFire    . . .     SeeInvis .   j - +1 whip
rCold    . . .     Faith    .   c - +0 kite shield
rNeg     + . .     Spirit   .   k - +5 ring mail
rPois    .         Reflect  .   (no helmet)
rElec    .         Harm     .   (no cloak)
rCorr    .         Rampage  .   (no gloves)
Will     .....                  (no boots)
Stlth    ++........             (no amulet)
HPRegen  0.20/turn              g - ring of positive energy
MPRegen  0.12/turn              h - +6 ring of dexterity

@: mighty
A: fangs 1, strong nose, distributed training
a: Renounce Religion, Heroism


You were on level 5 of the Dungeon.
You worshipped Okawaru.
Okawaru was aware of your devotion.
You visited 2 branches of the dungeon, and saw 6 of its levels.

You collected 192 gold pieces.

Inventory:

Hand Weapons
 j - a +1 whip (weapon)
Missiles
 f - 121 stones
 i - a boomerang (quivered)
 l - 5 javelins
 o - 17 poisoned darts
Armour
 c - a +0 kite shield (worn)
 k - a +5 ring mail (worn)
 p - a +0 chain mail
Jewellery
 g - a ring of positive energy (right hand)
 h - a +6 ring of dexterity (left hand)
Scrolls
 a - 2 scrolls of teleportation {unknown}
 n - a scroll of identify
 q - a scroll of immolation {unknown}
 r - a scroll of magic mapping {unknown}
 s - a scroll of fear {unknown}
Potions
 b - 2 potions of flight
 d - a potion of might
 e - a potion of curing
 m - a potion of attraction {unknown}


   Skills:
 + Level 7.2 Fighting
 + Level 2.8 Short Blades
 + Level 2.8 Long Blades
 + Level 2.8 Axes
 + Level 5.4 Maces & Flails
 + Level 2.8 Polearms
 + Level 2.8 Staves
 + Level 2.8 Slings
 + Level 2.8 Bows
 + Level 2.8 Crossbows
 + Level 2.8 Throwing
 + Level 7.2 Armour
 + Level 2.8 Dodging
 + Level 2.8 Stealth
 + Level 7.2 Shields
 + Level 2.8 Unarmed Combat
 + Level 2.8 Spellcasting
 + Level 2.3 Conjurations
 + Level 2.3 Hexes
 + Level 2.3 Summonings
 + Level 2.3 Necromancy
 + Level 2.3 Translocations
 + Level 2.3 Transmutations
 + Level 2.3 Fire Magic
 + Level 2.3 Ice Magic
 + Level 2.3 Air Magic
 + Level 2.3 Earth Magic
 + Level 2.3 Poison Magic
 + Level 3.1 Invocations
 + Level 2.8 Evocations


You had 11 spell levels left.
You didn't know any spells.
Your spell library was empty.

Dungeon Overview and Level Annotations

Branches:
Dungeon (5/15)             Temple (1/1) D:4

Altars:
Ashenzari
Cheibriados
Dithmenos
Elyvilon
Fedhas
Gozag
Hepliaklqana
Kikubaaqudgha
Makhleb
Nemelex Xobeh
Okawaru
Qazlal
Ru
Sif Muna
Trog
Uskayaw
Vehumet
Wu Jian
Xom
Yredelemnul
Zin


Innate Abilities, Weirdness & Mutations

You have very sharp teeth.
Your uncanny sense of smell can sniff out nearby items.
Your experience applies equally to all skills.


Message History

You whack the ice beast!
The ice beast is severely wounded.
The ice beast hits you but does no damage.
You closely miss the ice beast.
You bite the ice beast, but do no damage.
The ice beast is severely wounded.
The ice beast hits you but does no damage.
Unknown command.
You barely miss the ice beast.
The ice beast is severely wounded.
The ice beast hits you but does no damage.
The orc priest looks encouraged for a moment.
You closely miss the ice beast. You bite the ice beast.
The ice beast is almost dead.
The ice beast hits you but does no damage.
The orc priest miscasts a cantrip.
You barely miss the ice beast.
The ice beast is almost dead.
You block the ice beast's attack.
The orc priest calls down the wrath of Beogh upon you.
Beogh smites you!
* * * LOW HITPOINT WARNING * * *
You whack the ice beast!
You kill the ice beast!
Okawaru accepts your kill.
You closely miss the orc. Your bite misses the orc. You hit the orc.
The orc is severely wounded.
The orc hits you but does no damage.
You barely miss the orc.
The orc is severely wounded.
The orc hits you but does no damage.
You whack the orc!
You kill the orc!
Okawaru accepts your kill.
You whack the orc priest!
The orc priest is almost dead.
The orc priest mumbles some strange prayers to Beogh against you.
Beogh smites you!
You die...

#.#.# #. #.#.# #. #.#.# #.
###.#.# ####) #.o.#.###### #....
†#.#.......<#################.##.
)oo.o...........................>
.#####o################....##..##
...............o@...)......##....
########....###########.#..###.#.
#....# ##.#..###.#. #....#
#.......#.#. #....# #.......#.#.
#....# #........... #....#
#.......#.#. #....# #...........
#....# #.......#.#.


You could see an orc priest.

Vanquished Creatures
  Edmund (D:5)
  A sky beast (D:5)
  An ice beast (D:5)
  An ogre (D:5)
  A scorpion (D:5)
  A hound (D:5)
  An iguana (D:5)
  2 worker ants (D:5)
  An orc wizard (D:5)
  3 gnolls (D:3)
  6 adders
  A white imp (D:5)
  3 ufetubi (D:5)
  2 oozes
  An adder zombie (D:5)
  A worm (D:2)
  2 dart slugs (D:1)
  2 leopard geckos (D:5)
  10 orcs
  4 bats
  2 bat zombies (D:3)
  4 giant cockroaches
  4 goblins
  8 hobgoblins
  2 jackals (D:1)
  A quokka (D:4)
  5 frilled lizards
  A jackal skeleton (D:5)
  2 jackal zombies
  3 kobolds (D:1)
  2 leopard gecko skeletons
  12 rats
  4 rat zombies (D:3)
95 creatures vanquished.

Vanquished Creatures (others)
  5 dream sheep (D:4)
5 creatures vanquished.

Grand Total: 100 creatures vanquished

Notes
Turn   | Place    | Note
-------+----------+-------------------------------------------
     0 | D:1      | funkygono the Gnoll Fighter began the quest for the Orb.
     0 | D:1      | Reached XP level 1. HP: 23/23 MP: 1/1
    38 | D:1      | Reached XP level 2. HP: 14/29 MP: 2/2
   532 | D:1      | Upgraded the game from 0.27-a0-590-g94244163b4 to
                  | 0.27-a0-597-g524d869a0f
   566 | D:1      | Reached XP level 3. HP: 35/35 MP: 3/3
   685 | D:2      | Reached skill level 1 in Invocations
   909 | D:2      | Reached skill level 1 in Short Blades
   909 | D:2      | Reached skill level 1 in Long Blades
   909 | D:2      | Reached skill level 1 in Axes
   909 | D:2      | Reached skill level 1 in Polearms
   909 | D:2      | Reached skill level 1 in Staves
   909 | D:2      | Reached skill level 1 in Slings
   909 | D:2      | Reached skill level 1 in Bows
   909 | D:2      | Reached skill level 1 in Crossbows
   909 | D:2      | Reached skill level 1 in Throwing
   909 | D:2      | Reached skill level 1 in Dodging
   909 | D:2      | Reached skill level 1 in Stealth
   909 | D:2      | Reached skill level 1 in Unarmed Combat
   909 | D:2      | Reached skill level 1 in Spellcasting
   909 | D:2      | Reached skill level 1 in Evocations
   909 | D:2      | Reached XP level 4. HP: 21/41 MP: 5/5
  2065 | D:3      | Reached skill level 1 in Conjurations
  2065 | D:3      | Reached skill level 1 in Hexes
  2065 | D:3      | Reached skill level 1 in Summonings
  2065 | D:3      | Reached skill level 1 in Necromancy
  2065 | D:3      | Reached skill level 1 in Translocations
  2065 | D:3      | Reached skill level 1 in Transmutations
  2065 | D:3      | Reached skill level 1 in Fire Magic
  2065 | D:3      | Reached skill level 1 in Ice Magic
  2065 | D:3      | Reached skill level 1 in Air Magic
  2065 | D:3      | Reached skill level 1 in Earth Magic
  2065 | D:3      | Reached skill level 1 in Poison Magic
  2422 | D:3      | Reached XP level 5. HP: 46/47 MP: 6/6
  2429 | D:3      | Found an ancient bone altar of Kikubaaqudgha.
  2870 | D:4      | Found a staircase to the Ecumenical Temple.
  2899 | Temple   | Entered the Ecumenical Temple
  2911 | Temple   | Became a worshipper of Warmaster Okawaru
  3432 | D:4      | Noticed a dream sheep
  3432 | D:4      | Noticed a dream sheep
  3432 | D:4      | Noticed a dream sheep
  3432 | D:4      | Noticed a dream sheep
  3432 | D:4      | Noticed a dream sheep
  3432 | D:4      | Found a shimmering altar of Xom.
  3434 | D:4      | Killed a dream sheep
  3435 | D:4      | Killed a dream sheep
  3435 | D:4      | Killed a dream sheep
  3435 | D:4      | Killed a dream sheep
  3435 | D:4      | Killed a dream sheep
  3447 | D:4      | Reached XP level 6. HP: 53/53 MP: 8/8
  3557 | D:4      | Found a shimmering altar of Xom.
  3557 | D:4      | Found a shadowy altar of Dithmenos.
  3565 | D:4      | Found a faded altar of an unknown god.
  3567 | D:4      | Found a broken altar of Ashenzari.
  3569 | D:4      | Found a burning altar of Makhleb.
  3794 | D:5      | Entered Level 5 of the Dungeon
  3869 | D:5      | Noticed Edmund
  3918 | D:5      | Killed Edmund
  3919 | D:5      | Reached skill level 5 in Maces & Flails
  4221 | D:5      | Reached XP level 7. HP: 58/59 MP: 10/10
  4240 | D:5      | Reached * piety under Okawaru
  4650 | D:5      | Killed from afar by an orc priest

Illustrated notes

Levels and vault maps discovered:
D:1:      ncdulo_wetmaze, layout_rooms
D:2:      layout_basic
D:3:      layout_loops_ring, lemuel_zombie_altar_kikubaaqudgha
D:4:      layout_gridville, chequers_temple_overflow_minitemple,
          minmay_temple_entry_tees, minmay_hedge_maze, kb_xom_exploding_sheep
D:5:      layout_basic, serial_shops, kennysheep_mini_moat, st_stairs_8,
          uniq_eustachio, uniq_sigmund, uniq_edmund
Temple:   lightli_temple_of_artemis

Skill      XL: |  1  2  3  4  5  6  7 |
---------------+----------------------+-----
Invocations    | 1 2 3 |  3.1
Short Blades   | 1 2 |  2.8
Long Blades    | 1 2 |  2.8
Axes           | 1 2 |  2.8
Polearms       | 1 2 |  2.8
Staves         | 1 2 |  2.8
Slings         | 1 2 |  2.8
Bows           | 1 2 |  2.8
Crossbows      | 1 2 |  2.8
Throwing       | 1 2 |  2.8
Dodging        | 1 2 |  2.8
Stealth        | 1 2 |  2.8
Unarmed Combat | 1 2 |  2.8
Spellcasting   | 1 2 |  2.8
Evocations     | 1 2 |  2.8
Conjurations   | 1 2 |  2.3
Hexes          | 1 2 |  2.3
Summonings     | 1 2 |  2.3
Necromancy     | 1 2 |  2.3
Translocations | 1 2 |  2.3
Transmutations | 1 2 |  2.3
Fire Magic     | 1 2 |  2.3
Ice Magic      | 1 2 |  2.3
Air Magic      | 1 2 |  2.3
Earth Magic    | 1 2 |  2.3
Poison Magic   | 1 2 |  2.3
Maces & Flails | 5 |  5.4
Fighting       | 7 |  7.2
Armour         | 7 |  7.2
Shields        | 7 |  7.2

Action                   |  1- 3 |  4- 6 |  7- 9 || total
-------------------------+-------+-------+-------++-------
Melee: Flail             |    39 |       |       ||    39
       Bite              |     7 |    35 |     9 ||    51
       Whip              |    23 |   257 |    90 ||   370
Throw: Stone             |    14 |     4 |       ||    18
       Dart              |     8 |     8 |       ||    16
       Boomerang         |       |    20 |    13 ||    33
  Use: Scroll            |     1 |     5 |       ||     6
       Potion            |       |     1 |     2 ||     3
Armor: Scale mail        |    22 |     4 |       ||    26
       Ring mail         |       |    74 |    29 ||   103
Dodge: Dodged            |    10 |    69 |    26 ||   105
Block: Kite shield       |    42 |   134 |    36 ||   212

Table legend: (Time is in decaauts)
 A = Elapsed time spent in this place.
 B = Non-inter-level travel time spent in this place.
 C = Inter-level travel time spent in this place.
 D = Time resting spent in this place.
 E = Time spent auto-exploring this place.
 F = Levels seen in this place.
 G = Mean time per level.
                   A        B        C        D        E       F      G
               +--------+--------+--------+--------+--------+-----+--------+
         Total |   4692 |   4556 |    136 |      0 |   3684 |   6 |  782.0 |
       Dungeon |   4565 |   4443 |    122 |      0 |   3579 |   5 |  913.0 |
        Temple |    127 |    113 |     14 |      0 |    105 |   1 |  127.0 |
               +--------+--------+--------+--------+--------+-----+--------+

Top non-repeatable levels by time:
     D:2: 1177 daAuts
     D:3: 1012 daAuts
     D:5: 865 daAuts
     D:4: 814 daAuts
     D:1: 695 daAuts
  Temple: 127 daAuts
